 Dungeon Crawl Stone Soup version 0.29.1-15-g9cfb28693d (webtiles) character file.

Game seed: 2941204690966596835

6987 croobank the Green Death (level 10, -5/76 HPs)
             Began as a Demonspawn Fire Elementalist on Apr 28, 2023.
             Was a High Priest of Fedhas.
             Slain by a wyvern (17 damage)
             ... on level 10 of the Dungeon.
             The game lasted 00:36:28 (13488 turns).

croobank the Green Death (DsFE)                    Turns: 13488, Time: 00:36:29

Health: -5/76      AC:  5    Str:  8    XL:     10   Next: 81%
Magic:  11/18      EV: 17    Int: 28    God:    Fedhas [*****.]
Gold:   456        SH:  0    Dex: 13    Spells: 10/20 levels left

rFire   . . .      SeeInvis .   a - +0 short sword
rCold   . . .      Faith    .   (no shield)
rNeg    . . .      Spirit   .   J - +1 leather armour {rPois}
rPois   +          Reflect  .   (no helmet)
rElec   .          Harm     .   F - scarf {repulsion}
rCorr   .          Rampage  .   r - +0 pair of gloves
Will    .....                   (no boots)
Stlth   +++.......              (no amulet)
HPRegen 0.22/turn               j - +6 ring of intelligence
MPRegen 0.16/turn               G - +4 ring of evasion

@: repel missiles
A: spiny 2, demonic magic 3
a: Renounce Religion, Wall of Briars, Grow Ballistomycete, Overgrow, Grow Oklob


You were on level 10 of the Dungeon.
You worshipped Fedhas.
Fedhas was extremely pleased with you.
You visited 1 branch of the dungeon, and saw 10 of its levels.
You also visited: Ossuary.

You collected 468 gold pieces.
You spent 12 gold pieces at shops.

Inventory:

Hand Weapons
 a - a +0 short sword (weapon)
 b - a +3 sling
 d - a +4 mace
 g - a +5 scimitar
 D - a +5 long sword of freezing
 E - a +2 war axe of freezing
 H - a +2 spear of flaming
 K - a +1 dagger of venom
Missiles
 c - 2 silver boomerangs
 h - 21 poisoned darts (quivered)
 t - 13 boomerangs
Armour
 e - a +0 ring mail
 r - a +0 pair of gloves (worn)
 F - a scarf of repulsion (worn)
 J - a +1 leather armour of poison resistance (worn)
 L - +0 acid dragon scales
Magical Staves
 p - a staff of conjuration
Jewellery
 j - a +6 ring of intelligence (left hand)
 C - a ring of see invisible
 G - a +4 ring of evasion (right hand)
 P - a +6 ring of dexterity
Wands
 f - a wand of quicksilver (9)
 k - a wand of flame (21)
 I - a wand of polymorph (1)
 Q - a wand of digging (3)
Scrolls
 l - a scroll of torment
 n - 2 scrolls of blinking
 x - 2 scrolls of poison
 y - 3 scrolls of vulnerability
 O - 2 scrolls of teleportation
 R - a scroll of fear {unknown}
Potions
 i - 3 potions of heal wounds
 m - 4 potions of mutation
 o - 3 potions of ambrosia
 q - 6 potions of curing
 s - a potion of might
 u - a potion of resistance {unknown}
 v - a potion of magic
 w - 2 potions of attraction {unknown}
 z - 2 potions of degeneration {unknown}
 A - 2 potions of haste
 B - a potion of flight {unknown}
 M - a potion of berserk rage
 N - a potion of lignification {unknown}


   Skills:
 + Level 5.7 Fighting
 + Level 5.7 Dodging
 + Level 6.3 Stealth
 + Level 5.7 Spellcasting
 + Level 6.0 Conjurations
 + Level 6.1 Fire Magic
 * Level 10.4 Invocations


You had 10 spell levels left.
You knew the following spells:

 Your Spells              Type           Power      Damage    Failure   Level
a - Foxfire               Conj/Fire      100%       2x1d9     1%          1
b - Scorch                Fire           84%        2d9       1%          2
c - Inner Flame           Hex/Fire       25%        N/A       8%          3
d - Flame Wave            Conj/Fire      42%        2d11      8%          4

Your spell library contained the following spells:

 Spells                   Type           Power      Damage    Failure   Level
 Conjure Flame            Conj/Fire      42%        6-21      2%          3
 Sting                    Tmut/Pois      28%        1d4       9%          1
 Summon Small Mammal      Summ           28%        N/A       9%          1
 Ignite Poison            Fire/Tmut/Pois 19%        N/A       12%         3
 Ensorcelled Hibernation  Hex/Ice        14%        N/A       14%         2
 Poisonous Vapours        Pois/Air       14%        N/A       14%         2
 Call Canine Familiar     Summ           7%         N/A       26%         3
 Portal Projectile        Hex/Tloc       14%        N/A       26%         3
 Summon Guardian Golem    Hex/Summ       7%         N/A       26%         3
 Tukima's Dance           Hex            7%         N/A       26%         3
 Leda's Liquefaction      Hex/Erth       3%         N/A       65%         4
 Olgreb's Toxic Radiance  Pois           7%         N/A       65%         4
 Blade Hands              Tmut           3%         N/A       94%         5
 Lee's Rapid Deconstruct  Erth           3%         3d6*      94%         5
 Statue Form              Tmut/Erth      4%         N/A       100%        6
 Ignition                 Fire           21%        3d8       100%        8


Dungeon Overview and Level Annotations

Branches:
Dungeon (10/15)            Temple (0/1) D:7             Orc (0/2) D:9
Ossuary (visited)
   Lair: D:8-11

Altars:
Ashenzari
Cheibriados
Dithmenos
Fedhas
Uskayaw

Shops:
D:4 *


Innate Abilities, Weirdness & Mutations

You are mostly covered in sharp spines.
Spells you cast and wands you use may paralyse nearby enemies.


Message History

Confirm with . or Enter, or press ? or * to list all spells.
Flames lash the gnoll.
The gnoll is heavily wounded.
The gnoll's fire resistance burns away.
Malevolent energies surge around you. The wyvern is struck by your spines.
The wyvern bites you! The wyvern is struck by your spines.
The wyvern barely misses you.
You hit the wyvern.
The wyvern is severely wounded.
The wyvern is no longer more vulnerable to fire.
The gnoll sergeant is no longer paralysed.
The gnoll sergeant is no longer more vulnerable to fire.
The wyvern is struck by your spines.
You kill the wyvern!
Fedhas appreciates your contribution to the ecosystem.
Your Conjurations skill increases to level 6!
You see here a wyvern corpse.
You hit the gnoll.
The gnoll is severely wounded.
The wyvern is no longer paralysed.
The gnoll sergeant throws a stone.
The stone closely misses you.
The stone barely misses the wyvern.
The wyvern is struck by your spines. The wyvern bites you!
The gnoll is no longer more vulnerable to fire.
The gnoll sergeant hits you from afar with a +0 spear.
The gnoll is struck by your spines. The gnoll completely misses you.
The gnoll sergeant completely misses you.
The wyvern misses you.
There is a stone staircase leading up here.
Casting: Scorch (safe; 1% risk of failure)
Confirm with . or Enter, or press ? or * to list all spells.
Flames lash the gnoll sergeant.
The gnoll sergeant is moderately wounded.
The gnoll sergeant's fire resistance burns away.
Malevolent energies surge around you.
The gnoll sergeant suddenly stops moving!
The gnoll suddenly stops moving!
The wyvern is struck by your spines. The wyvern bites you!
* * * LOW HITPOINT WARNING * * *
The wyvern is struck by your spines. The wyvern bites you!
You die...
Fedhas appreciates your contribution to the ecosystem.

#.g. ##.... ####......
#####.........
###########........g....
........................
........l@..g...........
###+#.†g.g.............
#...........######. #
#...........# .+
#...........# ..##
#...........# #####.....
...♣P........#
<.....l............P....#
.)...ll...P........P.....


You could see a wyvern, a gnoll sergeant (paralysed, combustible) and 2 gnolls.

Vanquished Creatures
  2 hornets
  A vampire (D:9)
  2 wyverns (D:10)
  2 wraiths
  5 yaks
  4 steam dragons
  An acid dragon (D:8)
  4 water moccasins
  3 orc warriors
  An ice beast (D:6)
  2 sky beasts (D:7)
  2 black bears (D:5)
  An ogre (D:5)
  3 phantoms
  4 centaurs
  A kobold brigand (D:9)
  A necrophage (D:5)
  A gnoll sergeant (D:6)
  5 scorpions
  5 water moccasin zombies (Ossuary)
  12 wights
  3 howler monkeys
  3 hounds
  A jelly (D:5)
  2 gnoll boudas (D:5)
  8 orc priests
  5 iguanas (D:5)
  13 orc wizards
  2 mummies (Ossuary)
  6 gnolls
  4 adders
  6 river rats (D:5)
  2 white imps
  2 adder zombies (Ossuary)
  6 dart slugs
  46 orcs
  9 endoplasms
  5 giant cockroaches
  4 gnoll zombies (Ossuary)
  2 goblins (D:2)
  7 hobgoblins
  2 jackals (D:1)
  7 quokkas
  3 ball pythons
  5 bats
  8 hobgoblin zombies (Ossuary)
  10 kobolds
  7 kobold zombies (Ossuary)
  6 orc zombies (Ossuary)
  16 rats
262 creatures vanquished.

Vanquished Creatures (collateral kills)
  2 orc priests (D:8)
  An orc (D:8)
  2 ballistomycete spores (D:9)
5 creatures vanquished.

Vanquished Creatures (others)
  229 foxfires
  12 plants
241 creatures vanquished.

Grand Total: 508 creatures vanquished

Notes
Turn   | Place    | Note
-------+----------+-------------------------------------------
     0 | D:1      | croobank the Demonspawn Fire Elementalist began the quest
                  | for the Orb.
     0 | D:1      | Reached XP level 1. HP: 13/13 MP: 3/3
   289 | D:1      | Gained mutation: You are partially covered in sharp spines.
                  | [demonic ancestry]
   289 | D:1      | Reached XP level 2. HP: 15/19 MP: 1/5
   352 | D:1      | Learned a level 2 spell: Scorch
  1308 | D:2      | Reached XP level 3. HP: 7/24 MP: 1/6
  1315 | D:2      | HP: 1/24 [poisoned by an adder]
  2368 | D:3      | You fall into a shaft and drop 2 floors!
  2368 | D:5      | Entered Level 5 of the Dungeon
  2372 | D:5      | Found a blossoming altar of Fedhas.
  2372 | D:5      | Found a hide-covered altar of Uskayaw.
  2372 | D:5      | Noticed a necrophage
  2376 | D:5      | Killed a necrophage
  2377 | D:5      | Reached XP level 4. HP: 28/31 MP: 0/7
  2451 | D:5      | Became a worshipper of Fedhas Madash
  2488 | D:5      | Reached skill level 1 in Fighting
  2488 | D:5      | Reached XP level 5. HP: 37/37 MP: 3/8
  2569 | D:5      | Reached skill level 1 in Invocations
  2989 | D:4      | Noticed a phantom
  2999 | D:4      | Killed a phantom
  3000 | D:4      | Reached skill level 2 in Invocations
  3000 | D:4      | Gained mutation: You are mostly covered in sharp spines.
                  | [demonic ancestry]
  3000 | D:4      | Reached XP level 6. HP: 38/43 MP: 1/10
  3062 | D:4      | Found a broken altar of Ashenzari.
  3146 | D:4      | Found Duwkakhlo's CLEARANCE SALE!.
  3275 | D:4      | Bought 6 boomerangs for 12 gold pieces
  3390 | D:4      | Found a sand-covered staircase.
  3394 | Ossuary  | Entered an ossuary
  3613 | Ossuary  | Reached * piety under Fedhas
  3954 | Ossuary  | Reached skill level 3 in Invocations
  4115 | Ossuary  | Gained mutation: Spells you cast may paralyse adjacent
                  | enemies. [demonic ancestry]
  4115 | Ossuary  | Reached XP level 7. HP: 30/50 MP: 4/11
  4778 | D:3      | Learned a level 3 spell: Inner Flame
  5527 | D:5      | Reached skill level 4 in Invocations
  5894 | D:5      | Got the Anthology of the Shivering Blaze
  5900 | D:5      | Learned a level 4 spell: Flame Wave
  5939 | D:5      | Reached ** piety under Fedhas
  5996 | D:5      | Reached skill level 5 in Invocations
  5996 | D:5      | Gained mutation: Spells you cast may paralyse nearby
                  | enemies. [demonic ancestry]
  5996 | D:5      | Reached XP level 8. HP: 57/57 MP: 4/13
  6964 | D:6      | Reached *** piety under Fedhas
  6972 | D:6      | Reached skill level 6 in Invocations
  7554 | D:6      | Reached XP level 9. HP: 62/65 MP: 7/15
  7722 | D:6      | Found a snail-covered altar of Cheibriados.
  7750 | D:6      | Reached skill level 7 in Invocations
  8127 | D:7      | Found a staircase to the Ecumenical Temple.
  8138 | D:7      | Reached skill level 5 in Fire Magic
  8277 | D:7      | Reached **** piety under Fedhas
  8360 | D:7      | Reached skill level 5 in Stealth
  9068 | D:8      | Found a shadowy altar of Dithmenos.
  9156 | D:8      | Reached skill level 8 in Invocations
  9542 | D:8      | Reached skill level 5 in Conjurations
 10498 | D:8      | Reached skill level 5 in Spellcasting
 10498 | D:8      | Gained mutation: Spells you cast and wands you use may
                  | paralyse nearby enemies. [demonic ancestry]
 10498 | D:8      | Reached XP level 10. HP: 73/73 MP: 8/17
 10706 | D:8      | Reached skill level 5 in Dodging
 11103 | D:9      | Reached skill level 9 in Invocations
 11106 | D:9      | Reached skill level 5 in Fighting
 11938 | D:9      | Found a staircase to the Orcish Mines.
 12568 | D:10     | Entered Level 10 of the Dungeon
 13149 | D:10     | Reached skill level 10 in Invocations
 13150 | D:10     | Reached ***** piety under Fedhas
 13488 | D:10     | Slain by a wyvern

Illustrated notes

Levels and vault maps discovered:
D:1:      dpeg_arrival_erosion, layout_rooms
D:2:      layout_loops_cross, chequers_serial_rivers_micro_b
D:3:      layout_basic
D:4:      layout_basic, nicolae_ashenzari_panopticon, enter_ossuary_5,
          minmay_misc_feat_diagonals, corexii_leaking_fountain,
          nicolae_shop_clearance
D:5:      lemuel_ratsnest, layout_basic, mainiacjoe_overflow_large_starburst,
          serial_glass, glass_columns_b, glass_columns_a,
          kennysheep_generic_room_11
D:6:      layout_rooms, mainiacjoe_overflow_chevrons
D:7:      layout_basic, temple_fountains
D:8:      layout_layer_cave, grunt_dithmenos_smoke_and_mirrors
D:9:      layout_rooms, orc_0_dummy
D:10:     kennysheep_spiral_hall, layout_irregular_city,
          minmay_lair_entry_grove, uniq_fannar

Skill      XL: |  1  2  3  4  5  6  7  8  9 10 |
---------------+-------------------------------+-----
Stealth        | 2 3 4 5 6 |  6.3
Dodging        | 2 3 4 5 |  5.7
Fire Magic     | 3 4 5 6 |  6.1
Conjurations   | 2 3 4 5 6 |  6.0
Fighting       | 1 2 3 4 5 |  5.7
Invocations    | 2 3 5 6 8 10 | 10.4
Spellcasting   | 3 4 5 |  5.7

Action                   |  1- 3 |  4- 6 |  7- 9 | 10-12 || total
-------------------------+-------+-------+-------+-------++-------
Melee: Short sword       |     8 |    21 |   100 |    47 ||   176
       Punch             |       |     2 |       |     2 ||     4
       Dagger            |       |       |     2 |       ||     2
 Fire: Sling             |     5 |    29 |    36 |       ||    70
Throw: Dart              |     3 |       |       |       ||     3
 Cast: Foxfire           |    36 |     1 |    77 |    15 ||   129
       Scorch            |    14 |    43 |   107 |    71 ||   235
Invok: Wall of Briars    |       |       |       |     1 ||     1
       Grow Ballistomyce |       |       |       |     1 ||     1
  Use: Potion            |     1 |     1 |     1 |       ||     3
       Scroll            |     1 |     6 |     8 |     4 ||    19
 Stab: Paralysed         |       |       |    60 |    29 ||    89
       Sleeping          |       |       |     6 |       ||     6
Armor: Robe              |     2 |    10 |     7 |       ||    19
       Leather armour    |       |       |    13 |     6 ||    19
Dodge: Dodged            |     9 |    25 |    56 |   115 ||   205
